 Dungeon Crawl Stone Soup version 0.27-a0-1256-gced786f65e (webtiles) character file.

Game seed: 3138250489611818421

7581 porpoise the Covert (level 11, 0/71 HPs)
             Began as an Octopode Conjurer on June 11, 2021.
             Was a Believer of Sif Muna.
             Engulfed by a death drake's foul pestilence (8 damage)
             ... on level 2 of the Abyss.
             The game lasted 00:44:46 (13272 turns).

porpoise the Covert (Octopode Conjurer)            Turns: 13272, Time: 00:44:46

Health: 0/71       AC:  1    Str:  7    XL:     11   Next: 17%
Magic:  27/27      EV: 29    Int: 23    God:    Sif Muna [**....]
Gold:   498        SH:  0    Dex: 11    Spells: 2/20 levels left

rFire    . . .     SeeInvis .   b - +0 hunting sling
rCold    . . .     Faith    .   (no shield)
rNeg     . . .     Spirit   .   (helmet restricted)
rPois    +         Reflect  .   v - amulet of the acrobat
rElec    .         Harm     .   j - ring of poison resistance
rCorr    .         Rampage  .   m - ring of magical power
Will     .....                  A - ring of wizardry
Stlth    +++++.....             (no ring)
HPRegen  0.21/turn              (no ring)
MPRegen  0.20/turn              (no ring)
                                (no ring)
                                (no ring)

@: lethally poisoned (0 -> -6), acrobatic
A: almost no armour, amphibious, 8 rings, camouflage 1, gelatinous body 1,
(nimble swimmer 1), tentacles
a: Renounce Religion, Channel Magic


You were on level 2 of the Abyss.
You worshipped Sif Muna.
Sif Muna was pleased with you.
You visited 2 branches of the dungeon, and saw 11 of its levels.
You visited the Abyss 1 time.

You collected 498 gold pieces.

Inventory:

Hand Weapons
 a - a +5 short sword
 b - a +0 hunting sling (weapon)
 f - a +2 dagger of holy wrath
Missiles
 d - 53 poisoned darts
 i - 277 stones
 o - 70 bolts
 y - a throwing net (quivered)
 J - 29 sling bullets (quivered ammo)
Armour
 q - a +1 kite shield
Magical Staves
 H - a staff of cold
Jewellery
 j - a ring of poison resistance (left tentacle)
 m - a ring of magical power (right tentacle)
 v - an amulet of the acrobat (around mantle)
 A - a ring of wizardry (on tentacle)
 K - an amulet of regeneration
Wands
 e - a wand of paralysis (18)
 p - a wand of mindburst (17)
 t - a wand of polymorph (13)
 F - a wand of iceblast (6)
 I - a wand of flame (46)
Scrolls
 c - a scroll of fear
 g - a scroll of enchant armour
 h - 2 scrolls of teleportation
 k - 3 scrolls of blinking
 l - 3 scrolls of amnesia
 s - 4 scrolls of magic mapping
 u - 4 scrolls of identify
 B - a scroll of vulnerability {unknown}
 C - a scroll of enchant weapon {unknown}
 D - a scroll of summoning {unknown}
 G - a scroll of silence {unknown}
Potions
 n - 6 potions of heal wounds
 r - 2 potions of brilliance
 w - 2 potions of lignification
 x - 3 potions of curing
 z - 2 potions of flight
 E - a potion of resistance


   Skills:
 - Level 5.0 Fighting
 - Level 5.0 Dodging
 - Level 9.0 Stealth
 - Level 4.0 Shields
 - Level 5.0 Spellcasting
 - Level 7.0 Conjurations
 + Level 4.5 Hexes
 - Level 5.0 Translocations
 - Level 3.0 Transmutations
 - Level 3.0 Fire Magic
 - Level 7.0 Poison Magic
 + Level 4.9 Invocations


You had 2 spell levels left.
You knew the following spells:

 Your Spells              Type           Power      Damage    Failure   Level
a - Magic Dart            Conj           100%       1d8       1%          1
b - Searing Ray           Conj           74%        3d6       1%          2
c - Iskenderun's Mystic   Conj/Tloc      33%        2d8       3%          4
d - Fulminant Prism       Conj/Hex       16%        3d11      3%          4
i - Ignite Poison         Fire/Tmut/Pois 25%        N/A       1%          3
o - Olgreb's Toxic Radia  Pois           37%        N/A       2%          4

Your spell library contained the following spells:

 Spells                   Type           Power      Damage    Failure   Level
 Sting                    Tmut/Pois      100%       1d8       1%          1
 Blink                    Tloc           N/A        N/A       1%          2
 Poisonous Vapours        Pois/Air       42%        N/A       1%          2
 Slow                     Hex            26%        N/A       1%          2
 Call Imp                 Summ           5%         N/A       6%          2
 Conjure Flame            Conj/Fire      28%        6-21      1%          3
 Dazzling Flash           Conj/Hex       64%        N/A       1%          3
 Mephitic Cloud           Conj/Pois/Air  27%        N/A       1%          3


Dungeon Overview and Level Annotations

Branches:
Dungeon (10/15)            Temple (1/1) D:5
   Lair: D:8-11         Orc: D:9-12

Altars:
Ashenzari
Cheibriados
Dithmenos
Elyvilon
Fedhas
Gozag
Hepliaklqana
Kikubaaqudgha
Makhleb
Nemelex Xobeh
Okawaru
Qazlal
Ru
Sif Muna
Trog
Uskayaw
Vehumet
Wu Jian
Xom
Yredelemnul
Zin
The Shining One

Annotations:
D:7 dig, exclusion: downstairs


Innate Abilities, Weirdness & Mutations

You cannot wear most types of armour.
You are amphibious.
You can wear up to eight rings at the same time.
Your skin changes colour to match your surroundings (Stealth+).
Your rubbery body absorbs attacks. (AC +1, EV +1)
((You are camouflaged near water. (Stealth+)))
You have tentacles for arms and can constrict up to eight enemies at once.


Message History

The searing ray hits the centaur warrior.
The centaur warrior is severely wounded.
The centaur warrior struggles against the net.
The net rips apart, and the centaur warrior comes free!
The centaur warrior unwields a +0 shortbow.
The centaur warrior wields a +2 falchion of distortion.
Its appearance distorts for a moment.
The centaur warrior hits you with a +2 falchion of distortion!
You are cast into the Abyss!
To return, you must find a gate leading back.
Killing monsters will force the Abyss to allow you passage.
This branch contains the abyssal rune of Zot.
Found a small garnet amulet.
K - an amulet of regeneration
There are no items here.
You start resting.
Magic restored.
You start resting.
A death drake emerges from the beyond.
A chaos spawn comes into view.
Found a scroll of identify and a wand of flame (10).
Found 27 stones.
u - 4 scrolls of identify (gained 1)
The death drake hisses angrily.
The death drake breathes miasma at you. The foul vapour misses you.
Found 5 bolts.
You are engulfed in dark miasma.
You are poisoned.
You feel very sick.
You feel very sick.
I - a wand of flame (46) (gained 10 charges)
You feel very sick.
You feel sick.
You feel sick.
A starcursed mass comes into view.
The death drake breathes miasma at you. The foul vapour engulfs you!
* * * LOW HITPOINT WARNING * * *
You are engulfed in dark miasma.
You die...

# ##.....°.....
. #.......☼.#...
# .
#.#.##..○#...
... ( # #..k☼#
##.# ## #.
###.#☼#..(..#.
..
#.....#☼##.....
. #.
.#...#°##...#
#...#.#○#○#○###.
.. ####@○○#
#○§○# #X### .#.
.. . .. .. ..#
## .#


You could see a starcursed mass (wandering).

Vanquished Creatures
  A two-headed ogre (D:9)
  Pikel (D:9)
  Maggie (D:10)
  A vampire (D:10)
  9 yaks
  2 wraiths
  A steam dragon (D:9)
  Menkaure (D:6)
  An acid dragon (D:7)
  A water moccasin (D:8)
  A sky beast (D:6)
  An orc warrior (D:8)
  2 ice beasts
  3 black bears
  5 necrophages
  5 centaurs
  3 ogres
  A lemure (D:9)
  3 kobold brigands
  A gnoll sergeant (D:10)
  3 bullfrogs
  4 scorpions
  3 killer bees (D:9)
  8 wights
  2 howler monkeys (D:4)
  An electric eel (D:8)
  A bullfrog zombie (D:6)
  2 jellies
  5 orc priests
  3 gnoll shamans
  A centaur skeleton (D:6)
  5 hounds
  2 iguanas
  6 orc wizards
  A killer bee zombie (D:5)
  A hound zombie (D:5)
  A mummy (D:7)
  A howler monkey zombie (D:7)
  18 gnolls
  A howler monkey skeleton (D:4)
  4 adders
  2 ufetubi
  A worm (D:3)
  2 dart slugs
  27 orcs
  5 endoplasms
  4 giant cockroaches
  5 goblins
  10 hobgoblins
  10 jackals
  4 quokkas
  6 ball pythons
  11 bats
  3 frilled lizards
  16 kobolds
  A rat (D:1)
  A fulminant prism (D:9)
225 creatures vanquished.

Vanquished Creatures (others)
  5 fulminant prisms
  A withered plant (D:7)
6 creatures vanquished.

Grand Total: 231 creatures vanquished

Notes
Turn   | Place    | Note
-------+----------+-------------------------------------------
     0 | D:1      | porpoise the Octopode Conjurer began the quest for the Orb.
     0 | D:1      | Reached XP level 1. HP: 11/11 MP: 3/3
   459 | D:1      | Reached XP level 2. HP: 17/17 MP: 3/5
   474 | D:1      | Reached skill level 3 in Stealth
   539 | D:1      | Learned a level 2 spell: Searing Ray
   758 | D:1      | Reached XP level 3. HP: 21/21 MP: 2/6
  1767 | D:2      | Reached XP level 4. HP: 27/27 MP: 3/8
  2572 | D:3      | Learned a level 4 spell: Iskenderun's Mystic Blast
  2876 | D:3      | Found a faded altar of an unknown god.
  3002 | D:3      | Reached XP level 5. HP: 31/31 MP: 9/9
  3164 | D:3      | Reached skill level 5 in Conjurations
  3261 | D:3      | Reached skill level 4 in Stealth
  3774 | D:4      | Noticed a black bear
  3782 | D:4      | Killed a black bear
  3783 | D:4      | Reached XP level 6. HP: 36/36 MP: 12/12
  3839 | D:4      | Learned a level 4 spell: Fulminant Prism
  4079 | D:4      | Found an opulent altar of Gozag.
  4265 | D:4      | Found a broken altar of Ashenzari.
  4422 | D:5      | Entered Level 5 of the Dungeon
  4501 | D:5      | Reached skill level 5 in Stealth
  4501 | D:5      | Reached XP level 7. HP: 8/41 MP: 13/13
  4915 | D:4      | Reached skill level 5 in Spellcasting
  5287 | D:5      | Found a staircase to the Ecumenical Temple.
  5298 | Temple   | Entered the Ecumenical Temple
  5635 | D:5      | Reached skill level 1 in Fighting
  5779 | D:5      | Reached skill level 6 in Stealth
  5912 | D:5      | Found a hide-covered altar of Uskayaw.
  5932 | D:5      | Reached XP level 8. HP: 43/48 MP: 15/15
  5984 | D:5      | Found a shimmering altar of Xom.
  6299 | D:5      | Reached skill level 1 in Translocations
  6590 | D:6      | Found an ancient bone altar of Kikubaaqudgha.
  6721 | D:6      | Reached skill level 7 in Stealth
  7043 | D:6      | Reached skill level 8 in Stealth
  7157 | D:6      | Learned a level 4 spell: Olgreb's Toxic Radiance
  7182 | D:6      | Noticed Menkaure
  7188 | D:6      | Killed Menkaure
  7189 | D:6      | Reached XP level 9. HP: 31/58 MP: 16/16
  7333 | D:6      | Found a burning altar of Makhleb.
  7590 | D:7      | Reached skill level 9 in Stealth
  7840 | D:7      | Reached skill level 5 in Fighting
  7847 | D:7      | Reached skill level 5 in Translocations
  7851 | D:7      | Learned a level 3 spell: Ignite Poison
  7945 | D:7      | Reached skill level 1 in Poison Magic
  8033 | D:7      | Found an ornate altar of the Wu Jian Council.
  8776 | D:7      | Found a shimmering blue altar of Sif Muna.
  8782 | D:7      | Became a worshipper of Sif Muna the Loreminder
  9331 | D:8      | Reached skill level 5 in Dodging
  9331 | D:8      | Reached skill level 5 in Poison Magic
  9331 | D:8      | Reached XP level 10. HP: 66/66 MP: 17/17
  9521 | D:8      | Reached skill level 1 in Shields
 10146 | D:9      | Reached * piety under Sif Muna
 10989 | D:9      | Reached skill level 1 in Transmutations
 10989 | D:9      | Reached skill level 1 in Fire Magic
 11897 | D:9      | Noticed Pikel
 11920 | D:9      | Killed Pikel
 12399 | D:9      | Noticed a two-headed ogre
 12405 | D:9      | Killed a two-headed ogre
 12406 | D:9      | Reached XP level 11. HP: 71/71 MP: 18/18
 12697 | D:10     | Entered Level 10 of the Dungeon
 12705 | D:10     | Noticed a centaur warrior
 12757 | D:10     | Noticed Maggie
 12766 | D:10     | Killed Maggie
 13048 | D:10     | Reached ** piety under Sif Muna
 13205 | D:10     | Cast into level 2 of the Abyss (centaur warrior)
 13253 | Abyss:2  | Noticed a death drake
 13271 | Abyss:2  | Noticed a starcursed mass
 13272 | Abyss:2  | Engulfed by a death drake's foul pestilence

Illustrated notes

Levels and vault maps discovered:
D:1:      minmay_arrival_glassed_features, layout_loops_ring,
          minmay_tetromino_o4
D:2:      layout_rooms
D:3:      layout_basic, shapermc_ecumenical_altar_gd, minmay_door_square,
          hangedman_abyss_or_decor_stabs
D:4:      layout_rooms, marbit_many_paths, kennysheep_little_box
D:5:      layout_gridville, nicolae_overflow_hidden_temple,
          general_overflow_altar, minmay_temple_entry_wispy, wad_floor_pattern_2
D:6:      layout_basic, tgw_kikubaaqudgha, bloody_makhleb, uniq_menkaure
D:7:      layout_gridville, nicolae_overflow_crystal_walls,
          nicolae_sif_muna_little_library, serial_undead, serial_undead_f,
          serial_undead_b, serial_undead_d, serial_undead_e, serial_undead_f
D:8:      layout_rooms, minivault_4
D:9:      layout_gridville, uniq_pikel
D:10:     layout_long_grid, uniq_maggie
Temple:   dpeg_chambers_temple
Abyss:2:  base: D:10, hangedman_abyss_or_decor_clamps

Skill      XL: |  1  2  3  4  5  6  7  8  9 10 11 |
---------------+----------------------------------+-----
Stealth        | 3 4 5 6 8 9 |  9.0
Spellcasting   | 3 4 5 |  5.0
Conjurations   | 5 6 7 |  7.0
Fighting       | 1 4 5 |  5.0
Translocations | 3 5 |  5.0
Poison Magic   | 5 7 |  7.0
Dodging        | 5 |  5.0
Shields        | 4 |  4.0
Transmutations | 3 |  3.0
Fire Magic     | 3 |  3.0
Hexes          | 3 4 |  4.5
Invocations    | 4 |  4.9

Action                   |  1- 3 |  4- 6 |  7- 9 | 10-12 || total
-------------------------+-------+-------+-------+-------++-------
Melee: Hand axe          |     7 |       |       |       ||     7
       Constrict         |     2 |       |       |       ||     2
       Tentacles         |     1 |       |     1 |     2 ||     4
       Dagger            |     6 |       |       |       ||     6
       Hunting sling     |       |       |     5 |       ||     5
       Short sword       |       |       |       |     3 ||     3
 Fire: Hunting sling     |       |    29 |   100 |    32 ||   161
Throw: Throwing net      |       |       |       |     1 ||     1
 Cast: Magic Dart        |    70 |    40 |     4 |       ||   114
       Searing Ray       |     1 |    20 |    73 |    32 ||   126
       Iskenderun's Myst |       |       |     1 |    16 ||    17
       Fulminant Prism   |       |       |     1 |     5 ||     6
       Ignite Poison     |       |       |       |     7 ||     7
       Olgreb's Toxic Ra |       |       |       |     5 ||     5
Evoke: Wand              |       |       |     1 |     2 ||     3
  Use: Scroll            |       |     5 |     6 |     2 ||    13
Armor: Skin              |     1 |     1 |     2 |     2 ||     6
Dodge: Dodged            |    15 |    11 |    32 |    45 ||   103

Table legend: (Time is in decaauts)
 A = Elapsed time spent in this place.
 B = Non-inter-level travel time spent in this place.
 C = Inter-level travel time spent in this place.
 D = Time resting spent in this place.
 E = Time spent auto-exploring this place.
 F = Levels seen in this place.
 G = Mean time per level.
                   A        B        C        D        E       F      G
               +--------+--------+--------+--------+--------+-----+--------+
         Total |  13309 |  12983 |    326 |   5858 |   5201 |  12 | 1109.1 |
       Dungeon |  13010 |  12707 |    303 |   5812 |   4993 |  10 | 1301.0 |
        Temple |    231 |    208 |     23 |      0 |    208 |   1 |  231.0 |
         Abyss |     66 |     66 |      0 |     46 |      0 |   1 |   66.0 |
               +--------+--------+--------+--------+--------+-----+--------+

Top non-repeatable levels by time:
     D:9: 2228 daAuts
     D:8: 1564 daAuts
     D:1: 1524 daAuts
     D:5: 1488 daAuts
     D:7: 1427 daAuts
     D:3: 1376 daAuts
     D:4: 1222 daAuts
     D:6: 975 daAuts
     D:2: 720 daAuts
    D:10: 484 daAuts
  Temple: 231 daAuts
 Abyss:2: 66 daAuts
